 Dungeon Crawl Stone Soup version 0.17-a0-1871-gdc8eb4e (webtiles) character file.

740653 Eptagon the Conqueror (level 27, -10/199 HPs)
             Began as a Gargoyle Berserker on Sept 19, 2015.
             Was a Priest of the Shining One.
             Mangled by Zoequu the pandemonium lord (38 damage)
             ... in Pandemonium on Sept 21, 2015.
             The game lasted 04:16:53 (75699 turns).

Eptagon the Conqueror (Gargoyle Berserker)         Turns: 75699, Time: 04:16:53

Health: -10/199    AC:  0    Str: 22    XL:     27
Magic:  4/23       EV: 34    Int:  9    God:    the Shining One [***...]
Gold:   7235       SH:  0    Dex: 18    Spells: 0 memorised, 26 levels left

rFire  . . .     SeeInvis .     (weapon currently unavailable)
rCold  . . .     Clarity  .     (armour currently unavailable)
rNeg   + + .     SustAt   .     (shield currently unavailable)
rPois  ∞         Gourm    .     (helmet currently unavailable)
rElec  .         Spirit   .     (cloak currently unavailable)
rCorr  .         Warding  .     (gloves currently unavailable)
rMut   +         Rnd*Tele +     (boots currently unavailable)
MR     ++...                    c - amulet of resist mutation
Stlth  +.........               (ring currently unavailable)
                                (ring currently unavailable)

@: pig-form, flying, slowed, glowing, very resistant to hostile enchantments,
very unstealthy
A: (big wings), blurry vision 2, negative energy resistance 1, (electricity
resistance), teleportitis 1, weak 1, (unbreathing), petrification resistance,
rot immunity, AC +20
a: Divine Shield, Renounce Religion
}: 6/15 runes: decaying, slimy, silver, golden, abyssal, gossamer


You were in Pandemonium.
You worshipped the Shining One.
The Shining One was most pleased with you.
You were not hungry.
You were a filthy swine.
You visited 12 branches of the dungeon, and saw 59 of its levels.
You visited Pandemonium 2 times, and saw 3 of its levels.
You visited the Abyss 2 times.
You visited 1 bazaar.
You also visited: Ice Cave, Volcano and Wizlab.

You collected 11968 gold pieces.
You spent 4691 gold pieces at shops.

Inventory:

Hand weapons
 a - a +2 antimagic executioner's axe (melded)
 b - a +5 arbalest of flaming
 h - a +6 vampiric executioner's axe
Missiles
 v - 1024 bolts
Armour
 e - the +7 plate armour of Optimism (melded) {rC+ MR++ MP-9 Str+3}
   (You found it on level 6 of the Pits of Slime)

   It affects your strength (+3).
   It protects you from cold.
   It affects your resistance to hostile enchantments.
   It affects your magic capacity (-9).
 B - a +2 pair of boots of running (melded)
 H - a +2 helmet (melded)
 N - the +2 pair of gloves "Domiaq" (melded) {rElec Stlth+}
   (You acquired it on level 2 of the Depths)

   It insulates you from electricity.
   It makes you more stealthy.
 W - a +2 cloak of cold resistance (melded)
Jewellery
 c - an amulet of resist mutation (around neck)
 j - the amulet of Qury {rCorr Stlth+}
   (You bought it in a shop on level 1 of the Vaults)

   [amulet of resist corrosion]

   It protects you from acid and corrosion.
   It makes you more stealthy.
 s - the ring of Shaolin (melded) {EV+8}
   (You found it on level 6 of the Pits of Slime)

   [ring of evasion]

   It affects your evasion (+8).
 S - the ring "Zeh Ich" (melded) {rF+ MR++ Int+3}
   (You found it on level 3 of the Elven Halls)

   [ring of protection from fire]

   It affects your intelligence (+3).
   It protects you from fire.
   It affects your resistance to hostile enchantments.
Magical devices
 q - a wand of heal wounds (9)
 C - a wand of disintegration (13)
 D - a wand of heal wounds (9)
 E - a wand of teleportation (4)
 I - a wand of hasting (5)
 L - a wand of teleportation (5)
 R - a wand of heal wounds (6)
Scrolls
 f - 4 scrolls of silence
 i - 19 scrolls of identify
 m - 9 scrolls of recharging
 t - 5 scrolls of fog
 u - a scroll of summoning
 w - 8 scrolls of magic mapping
 y - 17 scrolls of teleportation
 F - 5 scrolls of enchant armour
 J - 12 scrolls of remove curse
 K - a scroll of holy word
 Z - 7 scrolls of blinking
Potions
 d - 6 potions of haste
 o - 23 potions of curing
 x - 5 potions of cancellation
 G - 5 potions of resistance
 O - 2 potions of beneficial mutation
 Q - 15 potions of heal wounds
 V - 9 potions of agility
 X - 12 potions of might
Miscellaneous
 g - a lamp of fire
 n - a legendary deck of defence {the Elixir, drawn: 1}
 r - 2 phantom mirrors
 z - a fan of gales
 M - a legendary deck of wonders {Wild Magic, drawn: 2}
 T - a phial of floods
 U - a stone of tremors
Comestibles
 k - 11 meat rations
 l - 3 chunks of flesh
 Y - 24 bread rations


   Skills:
 O Level 27 Fighting
 - Level 26.0 Axes
 - Level 17.0 Armour
 + Level 23.2 Dodging


You had 26 spell levels left.
You didn't know any spells.

Dungeon Overview and Level Annotations

Branches:
Dungeon (15/15)            Temple (1/1) D:4            Lair (8/8) D:11
  Swamp (4/4) Lair:6       Spider (4/4) Lair:3        Slime (6/6) Lair:6
    Orc (4/4) D:12            Elf (3/3) Orc:4        Vaults (5/5) D:13
  Crypt (3/3) Vaults:2       Tomb (3/3) Crypt:3      Depths (3/5) D:15

Altars:
Ashenzari
Cheibriados
Dithmenos
Elyvilon
Fedhas
Gozag
Kikubaaqudgha
Makhleb
Nemelex Xobeh
Okawaru
Qazlal
Ru
Sif Muna
Trog
Vehumet
Xom
Yredelemnul
Zin
The Shining One
Beogh

Shops:
D:6 %   D:7 *   D:13 *   D:15 (   Orc:2 (   Orc:4 %[(?   Elf:2 :   Elf:3 }
Vaults:1 =   Vaults:2 ?*}?:   Vaults:4 =   Vaults:5 }   Depths:1 *   Depths:2 *

Portals:
Hell: Depths:1 Depths:2 Depths:3
Abyss: Depths:3
Pandemonium: Depths:3
Ziggurat: Depths:1

Annotations:
Depths:2 exclusion: orange crystal statue


Innate Abilities, Weirdness & Mutations

You are resistant to torment.
((Your stone body is resilient (AC +20).))
You are immune to poison.
((Your large and strong wings let you fly indefinitely.))
You resist negative energy.
((You are resistant to electric shocks.))
((You can survive without breathing.))
You are immune to petrification.
You are immune to rotting.
Scrolls take you longer to read.
You are occasionally teleported to nearby monsters.
You are weak. (Str -2)


Message History

Your +2 antimagic executioner's axe melds into your body.
Your +2 cloak of cold resistance melds into your body.
Your +2 helmet melds into your body.
The +2 pair of gloves "Domiaq" {rElec Stlth+} melds into your body.
Your +2 pair of boots of running melds into your body.
The +7 plate armour of Optimism {rC+ MR++ MP-9 Str+3} melds into your body.
The ring of Shaolin {EV+8} melds into your body.
The ring "Zeh Ich" {rF+ MR++ Int+3} melds into your body.
You feel magic returning to you.
You feel less resistant to cold.
You feel rather sluggish. Zoequu barely misses you. Zoequu hits you!!!
You hear a shout!
Read which item? (? for menu, Esc to quit)
Really read with blurry vision while enemies are nearby?
Zoequu completely misses you. Zoequu hits you!!! Zoequu hits you!!!
* * * LOW HITPOINT WARNING * * *
You hear a shout!
You begin reading the scroll.
You continue reading the scroll.
Zoequu hits you!!!
You die...

##.....# #........ ....#
#......# #........ .....
#...∩..###..##### .
#...............# ## ## .
#......######...# .# #.#
. #...............# #3#.#
. #...............# .#1#
# #...............# #.#
#..............h##.#.#.#.
#...............&1#1#.#.#
#...............##4#.#.#.
..........# #.#
#...##...# 4#.# ... #...#
#.#.# .. ....# ∩# #.#
.....# ## ## ....(.


You could see Zoequu, 2 Ice Fiends and a sixfirhy.

Vanquished Creatures
  the royal jelly (Slime:6)
  2 ancient liches
  36 greater mummies
  Sojobo (Vaults:5)
  the Lernaean hydra (Swamp:4)
  Margery (Vaults:1)
  Saint Roka (Elf:3)
  2 golden dragons
  the Enchantress (Depths:2)
  A bone dragon (Abyss:4)
  2 Brimstone Fiends (Pan)
  Jorgrun (Swamp:2)
  5 liches
  4 tentacled monstrosities
  Rupert (Lair:5)
  An Ice Fiend (Pan)
  6 titans
  3 deep elf master archers
  3 deep elf blademasters
  2 tentacled starspawn
  2 Executioners (Pan)
  16 acid blobs
  The ghost of Banto the Impaler, a mighty DsGl of Okawaru (Swamp:4)
  3 octopode crushers (Depths:2)
  7 ancient champions
  2 warmongers (Pan)
  Agnes (D:15)
  6 thorn hunters
  Kirke (Lair:5)
  10 sphinxes
  2 shadow dragons (Vaults:5)
  3 storm dragons
  4 tengu reavers
  The ghost of Horrz the Grappler, a powerful TrMo of Qazlal (Elf:2)
  7 fire giants
  5 revenants
  Wiglaf (Spider:2)
  8 frost giants
  Donald (Vaults:4)
  The ghost of SkyBlueFox the Geomancer, a mighty GrEE of Sif Muna (Swamp:2)
  Maud (Depths:3)
  16 vault wardens
  13 azure jellies
  2 iron dragons (Vaults:5)
  7 deep elf sorcerers
  2 black suns (Pan)
  Aizul (Vaults:2)
  Louise (D:14)
  2 pandemonium lords (Pan)
  4 balrugs (Pan)
  3 curse skulls
  A frost giant (shapeshifter) (Vaults:5)
  2 ghost moths (Spider:4)
  6 emperor scorpions
  11 ironheart preservers
  2 ghouls (Crypt:3)
  3 reapers (Pan)
  3 war gargoyles (Vaults:5)
  5 spriggan defenders (Depths:2)
  11 stone giants
  12 large abominations
  2 vampire knights (Crypt:1)
  11 very ugly things
  3 deep elf demonologists
  13 deep elf annihilators
  A blood saint (Pan)
  Azrael (Orc:4)
  3 dire elephants (Depths:2)
  2 bennus (Tomb:2)
  3 chaos champions (Pan)
  A corrupter (Pan)
  11 purple draconians (WizLab)
  10 small abominations
  4 blizzard demons
  Snorg (Vaults:1)
  6 eidola
  11 deep elf death magi
  6 fire dragons
  A crystal guardian (Vaults:4)
  A minotaur (Depths:2)
  2 merfolk javelineers (Depths:2)
  8 green deaths
  2 entropy weavers
  7 jiangshi
  13 death oozes
  9 ettins
  38 vault guards
  A spectral golden dragon (Crypt:3)
  29 mummy priests
  Erolcha (D:8)
  17 great orbs of eyes
  15 yaktaur captains
  2 deep elf high priests
  2 hell beasts (Pan)
  22 hydras
  A quicksilver dragon skeleton (Crypt:2)
  3 ice dragons
  5 spriggan air magi
  A monstrous demonspawn (Pan)
  2 merfolk avatars (Depths:2)
  4 rakshasas
  9 statues (WizLab)
  11 centaur warriors
  A satyr (Depths:2)
  22 dancing weapons
  An alligator snapping turtle (Depths:2)
  6 vampire magi
  3 death knights
  9 alligators
  12 ogre magi
  9 death yaks (Lair:8)
  2 deep troll earth magi (Depths:2)
  2 catoblepae
  2 tengu warriors
  A titan zombie (Crypt:2)
  3 spriggan berserkers (Depths:2)
  6 thrashing horrors (Abyss:5)
  6 deep troll shamans
  A storm dragon zombie (Vaults:3)
  Sonja (D:15)
  3 iron trolls (Depths:3)
  7 soul eaters
  29 deep elf knights
  A titan skeleton (Vaults:4)
  40 skeletal warriors
  8 sun demons (Pan)
  A wretched star (Abyss:4)
  21 shadow wraiths
  77 death scarabs
  3 ice devils (IceCv)
  A quicksilver dragon simulacrum (Tomb:3)
  A spatial maelstrom (Abyss:5)
  A spectral anaconda (Depths:3)
  3 fire crabs
  9 hell knights
  3 gelid demonspawn (Pan)
  4 unseen horrors
  23 phantasmal warriors
  2 shadow demons (Pan)
  26 anubis guards
  13 deep trolls
  14 swamp dragons
  5 giant orange brains
  A harpy (Vaults:3)
  3 death drakes
  2 ice statues (IceCv)
  A spriggan druid (Depths:2)
  5 deep elf summoners
  6 flayed ghosts
  6 putrid demonspawn (Pan)
  3 shambling mangroves
  Pikel (D:8)
  7 infernal demonspawn (Pan)
  A lindwurm (Lair:8)
  2 anaconda skeletons
  2 spectral hydras
  12 hill giants
  3 torturous demonspawn (Pan)
  18 ironbrand convokers
  19 hornets
  4 orc sorcerers
  A spectral ice dragon (Crypt:3)
  9 shining eyes
  13 orb spiders
  20 deep elf conjurers
  2 shadow dragon skeletons
  13 cyclopes
  A wolf spider (shapeshifter) (Vaults:5)
  17 wolf spiders
  2 sphinx skeletons (Vaults:3)
  20 orc knights
  2 wolf spider zombies
  2 manticores
  An iron dragon zombie (Crypt:1)
  A mana viper (shapeshifter) (Vaults:5)
  9 wizards
  A cyclops (shapeshifter) (Vaults:2)
  17 necromancers
  3 mana vipers (Depths:3)
  9 griffons
  2 stone giant zombies
  31 ugly things
  2 moths of wrath
  A frost giant zombie (Crypt:3)
  5 sixfirhies (Pan)
  A water nymph (Depths:2)
  An octopode (shapeshifter) (Vaults:1)
  An iron dragon skeleton (Crypt:3)
  4 black mambas
  20 vault sentinels
  Maurice (D:8)
  A dire elephant zombie (Crypt:2)
  A stone giant skeleton (Abyss:4)
  3 elephants (Lair:5)
  Joseph (D:8)
  A centaur zombie (D:13)
  2 fire giant skeletons
  A guardian serpent (shapeshifter) (Vaults:1)
  2 apocalypse crabs (Abyss:4)
  A molten gargoyle (Volcano)
  2 orange demons (Pan)
  Psyche (Vaults:1)
  A torpor snail (Spider:2)
  A torpor snail (shapeshifter) (Elf:1)
  2 orange crystal statues (Depths:3)
  An eye of devastation (Slime:1)
  10 komodo dragons
  3 centaur skeletons
  A shock serpent skeleton (Crypt:1)
  13 smoke demons
  A green draconian zombie (Crypt:3)
  2 spectral merfolk (Depths:3)
  A death yak zombie (Crypt:1)
  2 hellions (Pan)
  A spectral harpy (Crypt:3)
  4 fire drakes
  An alligator snapping turtle skeleton (Crypt:3)
  A yaktaur (shapeshifter) (D:15)
  21 spiny frogs
  2 catoblepas skeletons
  2 komodo dragons (shapeshifter)
  2 tormentors (Pan)
  9 hellwings (Pan)
  2 kobold demonologists
  An anaconda simulacrum (Depths:3)
  4 demonic crawlers
  A red draconian skeleton (Crypt:1)
  2 ancient zymes
  44 guardian mummies
  26 yaktaurs
  3 blue devils
  16 red devils (Pan)
  2 tengu conjurers
  6 giant leeches
  A hydra zombie (Crypt:2)
  9 trolls
  A sea snake skeleton (Crypt:2)
  A jumping spider (shapeshifter) (Vaults:2)
  2 wind drakes (Depths:2)
  A giant leech (shapeshifter) (Vaults:5)
  14 deep elf priests
  A tengu simulacrum (Vaults:3)
  6 bog bodies
  18 freezing wraiths
  15 jumping spiders
  21 two-headed ogres
  13 blink frogs
  16 ushabtiu
  An ettin zombie (Crypt:3)
  A satyr zombie (Crypt:2)
  93 slime creatures
  2 hydra skeletons (Crypt:2)
  3 boulder beetles
  A boulder beetle (shapeshifter) (D:15)
  3 human simulacra
  An iron dragon simulacrum (Tomb:1)
  20 shadows
  9 raiju
  29 redbacks
  29 flying skulls
  A human (shapeshifter) (Elf:1)
  An ettin skeleton (Crypt:2)
  11 spriggans
  Sigmund (D:3)
  2 ice dragon skeletons
  10 wyverns (Lair:5)
  A tarantella (shapeshifter) (Vaults:5)
  17 trapdoor spiders
  4 fire elementals (Orc:4)
  45 yaks
  41 deep elf magi
  26 humans
  An alligator skeleton (Tomb:1)
  6 air elementals
  24 tarantellas
  2 hippogriffs (shapeshifter)
  44 deep elf fighters
  7 water elementals
  2 hogs (Lair:5)
  14 wraiths
  A fire bat (shapeshifter) (Vaults:5)
  13 golden eyes
  11 vampires
  7 basilisks
  Grum (D:9)
  A basilisk (shapeshifter) (Vaults:2)
  A ynoxinul (Pan)
  9 hungry ghosts
  24 swamp worms
  9 wargs
  4 neqoxecs
  3 mottled dragons (D:14)
  24 vampire mosquitoes
  14 water moccasins
  15 wolves
  13 hippogriffs
  Edmund (D:4)
  A hydra simulacrum (Depths:3)
  2 soldier ants (D:11)
  4 spatial vortices
  17 insubstantial wisps
  3 spectral trolls (Depths:3)
  9 hell hounds
  10 porcupines
  10 swamp drakes
  4 phantoms
  An orb spider zombie (Crypt:1)
  50 orc warriors
  2 spectral spriggans (Depths:3)
  2 slaves (D:8)
  16 spiders
  10 ice beasts
  A snapping turtle zombie (Tomb:3)
  3 black bears
  27 wasps
  52 ogres
  An ettin simulacrum (Vaults:1)
  14 boggarts
  10 crocodiles
  10 eyes of draining
  5 necrophages
  5 sky beasts
  A komodo dragon zombie (Lair:7)
  17 centaurs
  A gnoll sergeant (D:9)
  2 human zombies
  7 big kobolds
  3 elf zombies (Elf:1)
  25 giant frogs
  2 brain worms
  A fire crab zombie (Crypt:3)
  A komodo dragon skeleton (Crypt:3)
  A spider zombie (Crypt:3)
  A fire drake skeleton (Crypt:1)
  A spectral ogre (Depths:3)
  A boulder beetle zombie (Vaults:3)
  4 scorpions
  6 spectral nagas (Depths:3)
  9 killer bees
  19 electric eels
  9 crimson imps
  A raiju skeleton (Crypt:1)
  4 lava snakes (Volcano)
  21 wights
  3 giant frog zombies
  A wolf zombie (Crypt:1)
  2 hounds
  3 giant frog skeletons
  A gnoll shaman (D:4)
  A two-headed ogre zombie (Crypt:3)
  28 jellies
  22 orc priests
  7 iguanas
  A human skeleton (Crypt:2)
  11 worker ants
  Jessica (Vaults:1)
  39 orc wizards
  A spriggan simulacrum (Depths:3)
  A killer bee zombie (D:5)
  A crocodile zombie (Lair:7)
  A naga zombie (Crypt:1)
  23 sheep
  A troll simulacrum (Depths:3)
  A felid zombie (Crypt:2)
  A mottled dragon skeleton (Crypt:3)
  56 mummies
  25 gnolls
  38 river rats
  17 adders
  5 shadow imps
  6 white imps (IceCv)
  A giant eyeball (shapeshifter) (Vaults:4)
  A giant eyeball (Depths:3)
  8 ufetubi (IceCv)
  6 oozes
  A halfling zombie (Crypt:2)
  4 adder skeletons
  A halfling skeleton (Crypt:1)
  An iguana skeleton (Crypt:2)
  3 worms
  7 giant geckos
  222 orcs
  2 ball pythons
  16 bats
  6 giant cockroaches
  A gnoll skeleton (Crypt:3)
  8 goblins
  5 hobgoblins
  10 jackals
  5 quokkas
  A ball python zombie (Crypt:3)
  A giant cockroach zombie (D:5)
  A giant gecko skeleton (D:4)
  6 giant newts
  2 goblin skeletons
  A hobgoblin skeleton (Crypt:2)
  A jackal skeleton (D:9)
  19 kobolds
  A kobold zombie (Crypt:2)
  A quokka skeleton (D:6)
  16 rats
  10 briar patches
  A butterfly (Lair:7)
  5 crawling corpses
  10 fungi
  A plant (Depths:3)
  A spectral weapon (Spider:4)
  2 starspawn tentacles (Abyss:5)
3267 creatures vanquished.

Vanquished Creatures (collateral kills)
  2 greater mummies (Tomb:1)
  Arachne (Spider:4)
  Asterion (Spider:4)
  2 thorn hunters (Swamp:4)
  An entropy weaver (Spider:4)
  8 hydras
  4 death yaks (Lair:8)
  A hell knight (Volcano)
  A swamp dragon (Swamp:4)
  An orb spider (Spider:4)
  A manticore (Volcano)
  A moth of wrath (Spider:4)
  A gargoyle (Volcano)
  A spiny frog (Lair:3)
  2 komodo dragons
  2 fire drakes (Volcano)
  A troll (D:10)
  A blink frog (Lair:8)
  5 redbacks (Spider:4)
  A tarantella (Spider:4)
  A deep elf mage (D:10)
  A wyvern (D:10)
  3 wolves (Lair:8)
  2 slaves (D:8)
  A crocodile (Lair:8)
  A giant frog (Lair:3)
  7 sheep (Lair:3)
  A giant gecko (D:8)
  A butterfly (Lair:8)
56 creatures vanquished.

Vanquished Creatures (others)
  A tengu reaver (Vaults:5)
  A shadow dragon (Vaults:5)
  A storm dragon (Vaults:4)
  A revenant (Tomb:2)
  An ogre mage (Vaults:5)
  A titan zombie (Tomb:2)
  A large abomination (Pan)
  7 death scarabs
  An ironbrand convoker (Vaults:1)
  A necromancer (Vaults:1)
  An orb spider (Spider:4)
  A wizard (D:11)
  A stone giant zombie (Tomb:2)
  A stone giant skeleton (Tomb:2)
  A shadow dragon simulacrum (Tomb:3)
  A jumping spider (Spider:4)
  A bog body (Swamp:2)
  A raiju (Abyss:4)
  A two-headed ogre (Vaults:5)
  12 flying skulls (Tomb:2)
  A water elemental (Depths:2)
  A deep elf mage (Elf:2)
  A human (Lair:5)
  A fire bat (shapeshifter) (Vaults:5)
  A deep elf fighter (Vaults:1)
  A spider (Spider:3)
  2 orc warriors
  2 ogres (Vaults:4)
  A boggart (Vaults:1)
  A centaur (Orc:4)
  A necrophage (Vaults:1)
  Blork the orc (Vaults:1)
  A manticore simulacrum (Tomb:2)
  An orc priest (Vaults:5)
  A spriggan simulacrum (Depths:3)
  2 mummies (Tomb:2)
  A white imp (IceCv)
  2 ufetubi (IceCv)
  A briar patch (Swamp:4)
  A crawling corpse (Vaults:5)
  A fire vortex (Vaults:1)
  19 fungi
  8 lost souls
  12 plants
  3 starspawn tentacles
104 creatures vanquished.

Grand Total: 3427 creatures vanquished

Notes
Turn   | Place    | Note
--------------------------------------------------------------
     0 | D:1      | Eptagon the Gargoyle Berserker began the quest for the Orb.
     0 | D:1      | Reached XP level 1. HP: 14/14 MP: 1/1
   407 | D:1      | Reached XP level 2. HP: 14/19 MP: 2/2
  1084 | D:2      | Reached XP level 3. HP: 18/23 MP: 3/3
  1193 | D:2      | Reached skill level 4 in Axes
  1212 | D:2      | Acquired Trog's second power
  1271 | D:2      | Found a blossoming altar of Fedhas.
  1395 | D:2      | Reached XP level 4. HP: 20/28 MP: 4/4
  1867 | D:3      | Reached skill level 5 in Axes
  2079 | D:3      | Noticed Sigmund
  2089 | D:3      | Killed Sigmund
  2089 | D:3      | Reached skill level 6 in Axes
  2089 | D:3      | Reached XP level 5. HP: 30/32 MP: 5/5
  2089 | D:3      | Reached XP level 6. HP: 34/37 MP: 6/6
  2773 | D:4      | Noticed Edmund
  2800 | D:4      | Killed Edmund
  2800 | D:4      | Reached skill level 7 in Axes
  2800 | D:4      | Reached XP level 7. HP: 21/41 MP: 7/7
  3130 | D:4      | Found a staircase to the Ecumenical Temple.
  3310 | D:4      | Reached skill level 8 in Axes
  3440 | D:4      | Reached XP level 8. HP: 24/46 MP: 8/8
  3726 | D:5      | Entered Level 5 of the Dungeon
  4069 | D:5      | Found a burning altar of Makhleb.
  4155 | D:5      | Reached skill level 9 in Axes
  4721 | D:6      | Found Ihitipta's Food Shoppe.
  4912 | D:6      | Found a shadowy altar of Dithmenos.
  4925 | D:6      | Reached skill level 10 in Axes
  4945 | D:6      | Found a runed door.
  5310 | D:6      | Reached XP level 9. HP: 35/51 MP: 9/9
  5417 | D:6      | Acquired Trog's third power
  5478 | D:6      | Reached skill level 11 in Axes
  5645 | D:6      | Found a roughly hewn altar of Beogh.
  5782 | D:7      | Found Mescho Deun's Assorted Antiques.
  5790 | D:7      | Bought a ruby ring for 145 gold pieces
  5790 | D:7      | Bought 2 coppery potions for 52 gold pieces
  5790 | D:7      | Bought a scroll of identify for 58 gold pieces
  6503 | D:8      | Noticed Pikel
  6536 | D:8      | Killed Pikel
  6536 | D:8      | Reached skill level 12 in Axes
  6560 | D:8      | Got an uncursed crystal short sword
  6561 | D:8      | Identified the +2 short sword "Hagu" {speed, Str+4} (You took it off a centaur on level 8 of the Dungeon)
  6599 | D:8      | Noticed Erolcha
  6633 | D:8      | Killed Erolcha
  6633 | D:8      | Reached XP level 10. HP: 53/56 MP: 10/10
  6665 | D:8      | Noticed Maurice
  6684 | D:8      | Killed Maurice
  6737 | D:8      | Reached skill level 13 in Axes
  6845 | D:8      | Noticed Joseph
  6861 | D:8      | Killed Joseph
  6932 | D:8      | Noticed a hill giant
  6938 | D:8      | Killed a hill giant
  7190 | D:9      | Noticed Grum
  7207 | D:9      | Killed Grum
  7257 | D:9      | Reached skill level 14 in Axes
  8043 | D:9      | Reached skill level 5 in Fighting
  8236 | D:10     | Entered Level 10 of the Dungeon
  8591 | D:10     | Reached XP level 11. HP: 60/64 MP: 11/11
  8789 | D:10     | Found a glowing silver altar of Zin.
  9605 | D:11     | Found a bloodstained altar of Trog.
  9606 | D:11     | Noticed a wizard
  9611 | D:11     | Killed a wizard
  9815 | D:11     | Found a staircase to the Lair.
  9934 | D:11     | Identified a +1 rod of the swarm (14/14) (You found it on level 11 of the Dungeon)
 10101 | D:11     | Reached skill level 10 in Fighting
 10251 | Lair:1   | Entered Level 1 of the Lair of Beasts
 10303 | Lair:1   | Found a dark tunnel.
 10308 | Volcano  | Entered a volcano
 10427 | Volcano  | Found a radiant altar of Vehumet.
 10427 | Volcano  | Noticed a hell knight
 10434 | Volcano  | Killed a hell knight
 10647 | Volcano  | Received a gift from Trog
 11275 | Lair:1   | Reached XP level 12. HP: 59/81 MP: 12/12
 12758 | Lair:3   | Noticed a six-headed hydra
 12780 | Lair:3   | Killed a six-headed hydra
 13115 | Lair:3   | Noticed a five-headed hydra
 13124 | Lair:3   | Killed a ten-headed hydra
 13125 | Lair:3   | Noticed a six-headed hydra
 13131 | Lair:3   | Killed a nine-headed hydra
 13131 | Lair:3   | Reached skill level 5 in Armour
 13136 | Lair:3   | Received a gift from Trog
 13242 | Lair:3   | Found a hole to the Spider Nest.
 13785 | Lair:4   | Noticed a six-headed hydra
 13791 | Lair:4   | Killed a seven-headed hydra
 14275 | Lair:5   | Reached XP level 13. HP: 90/90 MP: 13/13
 14684 | Lair:5   | Noticed Kirke
 14700 | Lair:5   | Killed Kirke
 14700 | Lair:5   | Reached skill level 10 in Armour
 15253 | Lair:5   | Noticed Rupert
 15255 | Lair:5   | Paralysed by Rupert for 3 turns
 15264 | Lair:5   | Killed Rupert
 16042 | Lair:6   | Found a staircase to the Swamp.
 16413 | Lair:6   | Found a staircase to the Slime Pits.
 16914 | Lair:7   | Reached skill level 5 in Dodging
 17007 | Lair:7   | Got a pitted buckler
 17013 | Lair:7   | Identified the +3 buckler of the Orcish Mines {+Inv Str+3} (You found it on level 7 of the Lair of Beasts)
 17201 | Lair:7   | Received a gift from Trog
 17234 | Lair:7   | Gained mutation: Your large and strong wings let you fly indefinitely. [Gargoyle growth]
 17234 | Lair:7   | Reached XP level 14. HP: 93/96 MP: 14/14
 17899 | Lair:8   | Entered Level 8 of the Lair of Beasts
 18010 | Lair:8   | Reached skill level 15 in Axes
 18968 | D:12     | Found a frozen archway.
 18995 | IceCv    | Entered an ice cave
 19037 | IceCv    | Reached skill level 16 in Axes
 19130 | IceCv    | Received a gift from Trog
 19504 | D:12     | Reached XP level 15. HP: 82/100 MP: 12/15
 19670 | D:12     | Found a staircase to the Orcish Mines.
 20167 | D:12     | Paralysed by a great orb of eyes for 3 turns
 20520 | Orc:1    | Entered Level 1 of the Orcish Mines
 20713 | Orc:1    | Received a gift from Trog
 21000 | Orc:2    | Found Duostac's Weapon Shop.
 21179 | Orc:2    | Reached skill level 17 in Axes
 21358 | Orc:2    | Found a roughly hewn altar of Beogh.
 21524 | Orc:2    | Received a gift from Trog
 22106 | Orc:4    | Entered Level 4 of the Orcish Mines
 22191 | Orc:4    | Noticed Azrael
 22203 | Orc:4    | Killed Azrael
 22521 | Orc:4    | Found a staircase to the Elven Halls.
 22563 | Orc:4    | Received a gift from Trog
 22843 | Orc:4    | Found Jenuodghu's Antique Weapon Shoppe.
 22843 | Orc:4    | Found Govyco's Armour Shop.
 22843 | Orc:4    | Found Woxt's Food Boutique.
 22847 | Orc:4    | Found Joinaaho's Magic Scroll Emporium.
 22859 | Orc:4    | Bought a scroll of teleportation for 39 gold pieces
 22859 | Orc:4    | Bought a scroll of noise for 13 gold pieces
 22859 | Orc:4    | Bought a scroll of silence for 97 gold pieces
 22859 | Orc:4    | Bought a scroll of enchant armour for 97 gold pieces
 23358 | D:7      | Bought a scroll of blinking for 217 gold pieces
 23358 | D:7      | Bought 2 scrolls labeled SACZY HAT IME for 58 gold pieces
 23785 | Swamp:1  | Entered Level 1 of the Swamp
 23916 | Swamp:1  | Noticed a thorn hunter
 23925 | Swamp:1  | Killed a thorn hunter
 23925 | Swamp:1  | Reached skill level 18 in Axes
 24238 | Swamp:1  | Received a gift from Trog
 24776 | Swamp:2  | Noticed Jorgrun
 24791 | Swamp:2  | Killed Jorgrun
 24807 | Swamp:2  | Noticed SkyBlueFox's ghost (mighty GrEE)
 24832 | Swamp:2  | Gained mutation: You are partially covered in molten scales (AC +1). [potion of mutation]
 24832 | Swamp:2  | Gained mutation: You can spit weak poison. [potion of mutation]
 24832 | Swamp:2  | Gained mutation: Your muscles are strong. (Str +2) [potion of mutation]
 24912 | Swamp:2  | Reached XP level 16. HP: 45/106 MP: 9/16
 25168 | Swamp:2  | Killed SkyBlueFox's ghost
 25313 | Swamp:2  | Got a dull robe
 25325 | Swamp:2  | Identified the +1 robe "Vonilyty" {Str+2} (You took it off a spriggan rider on level 2 of the Swamp)
 25443 | Swamp:2  | Reached skill level 19 in Axes
 25895 | Swamp:3  | Noticed a tentacled monstrosity
 25906 | Swamp:3  | Killed a tentacled monstrosity
 26431 | Swamp:3  | Noticed a thorn hunter
 26443 | Swamp:3  | Killed a thorn hunter
 26792 | Swamp:4  | Entered Level 4 of the Swamp
 26827 | Swamp:4  | Received a gift from Trog
 26939 | Swamp:4  | Noticed a thorn hunter
 26952 | Swamp:4  | Killed a thorn hunter
 27010 | Swamp:4  | Reached skill level 20 in Axes
 27128 | Swamp:4  | Noticed a thorn hunter
 27540 | Swamp:4  | Noticed Banto's ghost (mighty DsGl)
 27575 | Swamp:4  | Killed Banto's ghost
 27575 | Swamp:4  | Reached skill level 15 in Fighting
 27746 | Swamp:4  | Noticed the 27-headed Lernaean hydra
 27913 | Swamp:4  | Reached XP level 17. HP: 72/113 MP: 13/17
 28117 | Swamp:4  | Got a decaying rune of Zot
 28180 | Swamp:4  | Noticed a thorn hunter
 28185 | Swamp:4  | Noticed a thorn hunter
 28191 | Swamp:4  | Killed the 19-headed Lernaean hydra
 28191 | Swamp:4  | Killed a thorn hunter
 28193 | Swamp:4  | Killed a thorn hunter
 28194 | Swamp:4  | Killed a thorn hunter
 28242 | Swamp:4  | Noticed a thorn hunter
 28251 | Swamp:4  | Killed a thorn hunter
 28882 | Spider:1 | Entered Level 1 of the Spider Nest
 30120 | Spider:1 | Received a gift from Trog
 30138 | Spider:1 | Identified 2 scrolls of acquirement
 30325 | Spider:2 | You are sucked into a shaft!
 30762 | Spider:4 | Entered Level 4 of the Spider Nest
 30853 | Spider:4 | Noticed Arachne
 30880 | Spider:4 | Killed Arachne
 31302 | Spider:4 | Noticed Asterion
 31320 | Spider:4 | Killed Asterion
 31883 | Spider:4 | Reached XP level 18. HP: 92/127 MP: 14/18
 31899 | Spider:4 | Received a gift from Trog
 32293 | Spider:4 | Got a gossamer rune of Zot
 32436 | Spider:2 | Noticed Wiglaf
 32454 | Spider:2 | Killed Wiglaf
 33937 | D:13     | Found Bolud's Blood Bar.
 34029 | D:13     | Found a flickering gateway to a bazaar.
 34045 | Bazaar   | Entered a bazaar
 34059 | Bazaar   | Found Etsireh's Antique Armour Emporium.
 34074 | Bazaar   | Found Zarirgh's Magic Scroll Shoppe.
 34074 | Bazaar   | Found Esaod's Weapon Emporium.
 34084 | Bazaar   | Bought a scroll of blinking for 67 gold pieces
 34148 | Bazaar   | Bought a pair of runed boots for 99 gold pieces
 34148 | Bazaar   | Bought a shimmering scale mail for 198 gold pieces
 34148 | Bazaar   | Bought a twisted ring mail for 198 gold pieces
 34162 | Bazaar   | Bought a scroll of identify for 18 gold pieces
 34162 | Bazaar   | Bought a scroll of identify for 18 gold pieces
 34162 | Bazaar   | Bought a scroll of identify for 18 gold pieces
 34162 | Bazaar   | Bought a scroll of identify for 18 gold pieces
 34192 | D:13     | Identified the +3 scale mail "Kiatiupt" {+Fly Str-2 Dex+3 Stlth+} (You bought it in a shop in a bazaar)
 34195 | D:13     | Identified the +4 ring mail "Xop Ula" {+Fly Str+4 Stlth-} (You bought it in a shop in a bazaar)
 34227 | D:13     | Drew Focus: Str increased to 23, Int decreased to 8
 34494 | D:13     | Received a gift from Trog
 34497 | D:13     | Got a smoking battleaxe {god gift}
 34499 | D:13     | Identified the +4 battleaxe of the Shoals {holy, Stlth+} (Trog gifted it to you on level 13 of the Dungeon)
 34545 | D:13     | Found a gate to the Vaults.
 34586 | Vaults:1 | Entered Level 1 of the Vaults
 34839 | Vaults:1 | Got a fine robe
 34850 | Vaults:1 | Identified the cursed +0 robe of Noon {*Drain rCorr Dex+4} (You found it on level 1 of the Vaults)
 35060 | Vaults:1 | Received a gift from Trog
 35070 | Vaults:1 | Noticed Margery
 35073 | Vaults:1 | Noticed Psyche
 35081 | Vaults:1 | Noticed Blork the orc
 35082 | Vaults:1 | Noticed Snorg
 35084 | Vaults:1 | Noticed Jessica
 35103 | Vaults:1 | Reached XP level 19. HP: 41/135 MP: 5/19
 35112 | Vaults:1 | Reached skill level 10 in Dodging
 35128 | Vaults:1 | Killed Margery
 35142 | Vaults:1 | Received a gift from Trog
 35155 | Vaults:1 | Killed Snorg
 35340 | Vaults:1 | Killed Jessica
 35354 | Vaults:1 | Killed Blork the orc
 35358 | Vaults:1 | Killed Psyche
 35363 | Vaults:1 | Received a gift from Trog
 36082 | Vaults:1 | Found an iron altar of Okawaru.
 36237 | Vaults:1 | Found Siecy's Jewellery Emporium.
 36252 | Vaults:1 | Bought the amulet of Qury {rCorr Stlth+} for 327 gold pieces
 36514 | Vaults:2 | Paralysed by an ogre mage for 5 turns
 36597 | Vaults:2 | Received a gift from Trog
 36656 | Vaults:2 | Found a staircase to the Crypt.
 36662 | Vaults:2 | Found Zanoti's Magic Scroll Emporium.
 36692 | Vaults:2 | Bought a scroll of identify for 30 gold pieces
 36692 | Vaults:2 | Bought a scroll of acquirement for 780 gold pieces
 36692 | Vaults:2 | Bought 3 scrolls of identify for 90 gold pieces
 36692 | Vaults:2 | Bought a scroll of enchant armour for 112 gold pieces
 36735 | Vaults:2 | Found Ogyociwny's Gadget Emporium.
 36755 | Vaults:2 | Bought a wand of heal wounds (3) for 714 gold pieces
 36792 | Vaults:2 | Found Jybau's Book Emporium.
 36938 | Vaults:2 | Received a gift from Trog
 36944 | Vaults:2 | Reached XP level 20. HP: 140/140 MP: 17/20
 37204 | Vaults:2 | Found Dyl Wod's Assorted Antiques.
 37212 | Vaults:2 | Bought a scroll of teleportation for 90 gold pieces
 37212 | Vaults:2 | Bought a potion of might for 120 gold pieces
 37304 | Vaults:2 | Noticed Aizul
 37332 | Vaults:2 | Killed Aizul
 37543 | Vaults:2 | Found Byrphauck's Magic Scroll Boutique.
 37562 | Vaults:2 | Bought a scroll of teleportation for 45 gold pieces
 37562 | Vaults:2 | Bought a scroll of identify for 30 gold pieces
 37562 | Vaults:2 | Bought a scroll of identify for 30 gold pieces
 37562 | Vaults:2 | Bought a scroll of identify for 30 gold pieces
 37962 | Vaults:1 | You are sucked into a shaft!
 38263 | Vaults:3 | Reached skill level 15 in Dodging
 38624 | Vaults:3 | Received a gift from Trog
 38923 | Vaults:3 | Got a translucent crystal plate armour
 38934 | Vaults:3 | Identified the +1 crystal plate armour of Qazlal's Generosity {rF+ Str+4} (You acquired it on level 3 of the Vaults)
 39129 | Vaults:3 | Got a polished chain mail
 39140 | Vaults:3 | Identified the +7 chain mail of Goydo {Dex+7} (You found it on level 3 of the Vaults)
 39365 | Vaults:4 | Found Gostet's Jewellery Boutique.
 39484 | Vaults:4 | Found a magical portal.
 39559 | WizLab   | Entered Iskenderun's Mystic Tower
 39595 | WizLab   | Received a gift from Trog
 39601 | WizLab   | Got an ivory battleaxe {god gift}
 39676 | WizLab   | Reached XP level 21. HP: 88/146 MP: 13/21
 40499 | Vaults:4 | Identified the +3 battleaxe of Uhin {freeze, rF- Int+5} (Trog gifted it to you in a wizard's laboratory)
 40655 | Vaults:4 | Noticed Donald
 40677 | Vaults:4 | Killed Donald
 40834 | Vaults:4 | Received a gift from Trog
 42628 | Elf:1    | Entered Level 1 of the Elven Halls
 42668 | Elf:1    | Found a deep blue altar of Sif Muna.
 42981 | Elf:1    | Received a gift from Trog
 43832 | Elf:2    | Received a gift from Trog
 43860 | Elf:2    | Noticed Horrz's ghost (powerful TrMo)
 43890 | Elf:2    | Killed Horrz's ghost
 44173 | Elf:2    | Upgraded the game from 0.17-a0-1853-ge1bd2c8 to 0.17-a0-1871-gdc8eb4e
 44262 | Elf:2    | Found Geikhiq's Book Emporium.
 44435 | Elf:2    | Found a huge runed gate.
 44435 | Elf:2    | Found a huge runed gate.
 44435 | Elf:2    | Found a huge runed gate.
 44435 | Elf:2    | Found a huge runed gate.
 44437 | Elf:2    | Found a huge runed gate.
 44932 | Elf:2    | Received a gift from Trog
 44975 | Elf:2    | Reached XP level 22. HP: 152/152 MP: 22/22
 45082 | Elf:3    | Entered Level 3 of the Elven Halls
 45163 | Elf:3    | Found Wisivon's Quality Used Wands.
 45254 | Elf:3    | Paralysed by an orc sorcerer for 4 turns
 45808 | Elf:3    | Reached skill level 21 in Axes
 45968 | Elf:3    | Got a smoking shortbow
 45969 | Elf:3    | Identified the cursed +0 shortbow of Insomnia {freeze, rPois rN+ Str+4} (You found it on level 3 of the Elven Halls)
 46046 | Elf:3    | Got a steaming silver ring
 46052 | Elf:3    | Identified the ring "Buesif" {Fire MP+9 Int+3} (You found it on level 3 of the Elven Halls)
 46056 | Elf:3    | Got a pitted pewter amulet
 46058 | Elf:3    | Identified the amulet "Oxzum" {Gourm rPois} (You found it on level 3 of the Elven Halls)
 46090 | Elf:3    | Got a transparent golden ring
 46091 | Elf:3    | Identified the ring "Zeh Ich" {rF+ MR++ Int+3} (You found it on level 3 of the Elven Halls)
 46095 | Elf:3    | Got a brightly glowing turquoise ring
 46096 | Elf:3    | Identified the ring "Winaprih" {+Blink +Fly rC+ Str-5 SInv} (You found it on level 3 of the Elven Halls)
 46183 | Elf:3    | Got a scorched greatsling
 46184 | Elf:3    | Identified the +9 greatsling "Hell-Harrower" {venom, +Fly rN+ Str-5 Stlth+} (You found it on level 3 of the Elven Halls)
 46243 | Elf:3    | Received a gift from Trog
 46296 | Elf:3    | Noticed Saint Roka
 46315 | Elf:3    | Killed Saint Roka
 47252 | Vaults:4 | Bought the ring of Xom's Flight of Fancy {rC+ MP+9 Str-2 Slay+5} for 762 gold pieces
 47321 | Vaults:5 | Entered Level 5 of the Vaults
 47434 | Vaults:5 | Reached skill level 22 in Axes
 47544 | Vaults:5 | Received a gift from Trog
 47564 | Vaults:5 | Reached XP level 23. HP: 156/156 MP: 14/23
 47743 | Vaults:5 | Noticed Sojobo
 47777 | Vaults:5 | Killed Sojobo
 47780 | Vaults:5 | Reached skill level 23 in Axes
 47794 | Vaults:5 | Received a gift from Trog
 47920 | Vaults:5 | Found Purir's Gadget Shop.
 48075 | Vaults:5 | Cast into the Abyss (a deep elf demonologist)
 48096 | Vaults:5 | Escaped the Abyss
 48096 | Vaults:5 | Gained mutation: You expend magic power (3 MP) to strengthen your wands. [a cacodemon]
 48458 | Vaults:5 | Got a silver rune of Zot
 48825 | Vaults:5 | Noticed an ancient lich
 48831 | Vaults:5 | Killed an ancient lich
 48831 | Vaults:5 | Reached skill level 24 in Axes
 49191 | Crypt:1  | Entered Level 1 of the Crypt
 49409 | Crypt:1  | Reached XP level 24. HP: 154/163 MP: 10/23
 50722 | Crypt:3  | Entered Level 3 of the Crypt
 50866 | Crypt:3  | Received a gift from Trog
 50969 | Crypt:3  | Reached skill level 25 in Axes
 51116 | Crypt:3  | Found a staircase to the Tomb.
 51344 | Crypt:3  | Found a basalt altar of Yredelemnul.
 51906 | Tomb:1   | Entered Level 1 of the Tomb of the Ancients
 52378 | Tomb:1   | Reached skill level 26 in Axes
 52378 | Tomb:1   | Reached XP level 25. HP: 168/168 MP: 10/23
 53305 | Tomb:2   | Noticed a greater mummy
 53305 | Tomb:2   | Noticed a greater mummy
 53305 | Tomb:2   | Noticed a greater mummy
 53306 | Tomb:2   | Noticed a greater mummy
 53681 | Tomb:1   | Killed a greater mummy
 54171 | Tomb:1   | Killed a greater mummy
 54497 | Tomb:1   | Killed a greater mummy
 55055 | Tomb:1   | Reached skill level 15 in Armour
 55687 | Tomb:1   | Killed a greater mummy
 56041 | Tomb:2   | Identified a -1 rod of shadows (11/11) (You found it on level 2 of the Tomb of the Ancients)
 56069 | Tomb:1   | Noticed a greater mummy
 56085 | Tomb:1   | Killed a greater mummy
 56091 | Tomb:1   | Noticed a greater mummy
 56125 | Tomb:1   | Killed a greater mummy
 56214 | Tomb:1   | Noticed a greater mummy
 56391 | Tomb:1   | Noticed a greater mummy
 56593 | Tomb:2   | Killed a greater mummy
 56822 | Tomb:1   | Killed a greater mummy
 56946 | Tomb:1   | Noticed a greater mummy
 56966 | Tomb:1   | Noticed a greater mummy
 56967 | Tomb:1   | Killed a greater mummy
 57323 | Tomb:1   | Killed a greater mummy
 57376 | Tomb:1   | Noticed a greater mummy
 57391 | Tomb:1   | Noticed a greater mummy
 57406 | Tomb:1   | Killed a greater mummy
 57755 | Tomb:1   | Killed a greater mummy
 57786 | Tomb:1   | Noticed a greater mummy
 57939 | Tomb:1   | Noticed a greater mummy
 57974 | Tomb:1   | Killed a greater mummy
 57974 | Tomb:1   | Reached XP level 26. HP: 159/179 MP: 9/23
 58008 | Tomb:1   | Killed a greater mummy
 58049 | Tomb:1   | Noticed a greater mummy
 58062 | Tomb:1   | Noticed a greater mummy
 58068 | Tomb:1   | Killed a greater mummy
 58234 | Tomb:1   | Killed a greater mummy
 58360 | Tomb:1   | Noticed a greater mummy
 58386 | Tomb:1   | Killed a greater mummy
 58412 | Tomb:1   | Noticed a greater mummy
 58432 | Tomb:1   | Killed a greater mummy
 58456 | Tomb:1   | Noticed a greater mummy
 58485 | Tomb:1   | Killed a greater mummy
 58520 | Tomb:1   | Noticed a greater mummy
 58539 | Tomb:1   | Killed a greater mummy
 58567 | Tomb:1   | Noticed a greater mummy
 58569 | Tomb:1   | Noticed a greater mummy
 58616 | Tomb:1   | Killed a greater mummy
 58677 | Tomb:1   | Killed a greater mummy
 58681 | Tomb:1   | Noticed a greater mummy
 58704 | Tomb:1   | Killed a greater mummy
 58716 | Tomb:1   | Noticed a greater mummy
 58716 | Tomb:1   | Noticed a greater mummy
 58727 | Tomb:1   | Killed a greater mummy
 58727 | Tomb:1   | Received a gift from Trog
 58731 | Tomb:1   | Killed a greater mummy
 58883 | Tomb:1   | Noticed a greater mummy
 58883 | Tomb:1   | Noticed a greater mummy
 58900 | Tomb:1   | Killed a greater mummy
 58901 | Tomb:1   | Killed a greater mummy
 59000 | Tomb:1   | Noticed a greater mummy
 59014 | Tomb:1   | Killed a greater mummy
 59344 | Tomb:3   | Entered Level 3 of the Tomb of the Ancients
 59562 | Tomb:3   | Noticed a greater mummy
 59593 | Tomb:3   | Noticed a greater mummy
 59616 | Tomb:3   | Noticed a greater mummy
 60075 | Tomb:3   | Noticed a greater mummy
 60090 | Tomb:2   | Killed a greater mummy
 60580 | Tomb:2   | Killed a greater mummy
 61248 | Tomb:2   | Killed a greater mummy
 61254 | Tomb:2   | Killed a greater mummy
 61488 | Tomb:2   | Reached XP level 27. HP: 144/192 MP: 8/23
 61667 | Tomb:3   | Noticed a greater mummy
 62006 | Tomb:2   | Killed a greater mummy
 62122 | Tomb:3   | Noticed a greater mummy
 62276 | Tomb:3   | Killed a greater mummy
 62299 | Tomb:3   | Noticed a greater mummy
 62579 | Tomb:2   | Killed a greater mummy
 62658 | Tomb:3   | Noticed a greater mummy
 62681 | Tomb:3   | Killed a greater mummy
 62684 | Tomb:3   | Noticed a greater mummy
 62983 | Tomb:3   | Killed a greater mummy
 63217 | Tomb:3   | Got a golden rune of Zot
 63489 | Tomb:3   | Got a citrine-encrusted fire dragon armour
 63490 | Tomb:3   | Identified the +2 fire dragon armour "Arhy" {+Fly rF++ rC- MR- Str+3} (You found it on level 3 of the Tomb of the Ancients)
 63762 | Tomb:3   | Got a smoking scale mail
 63763 | Tomb:3   | Identified the +6 scale mail of Leaves {rElec rC+ MP+9 Str-2} (You found it on level 3 of the Tomb of the Ancients)
 63766 | Tomb:3   | Got a steaming lapis lazuli ring
 63767 | Tomb:3   | Identified the ring "Wyhorior" {rN++ MP+9 Str+4 Dex-4} (You found it on level 3 of the Tomb of the Ancients)
 63771 | Tomb:3   | Got a brightly glowing tin amulet
 63772 | Tomb:3   | Identified the amulet "Giemedut" {Ward rPois rN+ MR- MP+9 Int+4} (You found it on level 3 of the Tomb of the Ancients)
 64387 | Tomb:1   | Noticed a greater mummy
 64408 | Tomb:1   | Killed a greater mummy
 64899 | Slime:1  | Entered Level 1 of the Pits of Slime
 65012 | Slime:1  | Gained mutation: Your spells are a little easier to cast, but a little less powerful. [a shining eye]
 65215 | Slime:2  | Lost mutation: Your muscles are strong. (Str +2) [a shining eye]
 65217 | Slime:2  | Gained mutation: Your body sometimes deteriorates upon taking damage. [a shining eye]
 65223 | Slime:2  | Received a gift from Trog
 65265 | Slime:2  | Lost mutation: Your spells are a little easier to cast, but a little less powerful. [potion of cure mutation]
 65265 | Slime:2  | Lost mutation: Your body sometimes deteriorates upon taking damage. [potion of cure mutation]
 65265 | Slime:2  | Lost mutation: You expend magic power (3 MP) to strengthen your wands. [potion of cure mutation]
 65265 | Slime:2  | Lost mutation: You can spit weak poison. [potion of cure mutation]
 65265 | Slime:2  | Lost mutation: You are partially covered in molten scales (AC +1). [potion of cure mutation]
 65797 | Slime:5  | Received a gift from Trog
 65869 | Slime:4  | Received a gift from Trog
 65875 | Slime:4  | Reached skill level 27 in Fighting
 65963 | Slime:4  | Gained mutation: Scrolls take you a little longer to read. [a shining eye]
 66057 | Slime:6  | Entered Level 6 of the Pits of Slime
 66086 | Slime:6  | Gained mutation: You are weak. (Str -2) [a shining eye]
 66087 | Slime:6  | Gained mutation: You are very weak. (Str -4) [a shining eye]
 66104 | Slime:6  | Gained mutation: You are occasionally teleported to nearby monsters. [a shining eye]
 66105 | Slime:6  | Gained mutation: You expend magic power (3 MP) to strengthen your wands. [a shining eye]
 66106 | Slime:6  | Gained mutation: You tend to lose your temper in combat. [a shining eye]
 66108 | Slime:6  | Gained mutation: Scrolls take you longer to read. [a shining eye]
 66110 | Slime:6  | Gained mutation: Scrolls take you much longer to read. [a shining eye]
 66113 | Slime:6  | Lost mutation: You expend magic power (3 MP) to strengthen your wands. [potion of cure mutation]
 66113 | Slime:6  | Lost mutation: You are very weak. (Str -4) [potion of cure mutation]
 66113 | Slime:6  | Lost mutation: You tend to lose your temper in combat. [potion of cure mutation]
 66113 | Slime:6  | Lost mutation: Scrolls take you much longer to read. [potion of cure mutation]
 66157 | Slime:6  | Noticed the royal jelly
 66176 | Slime:6  | Killed the royal jelly
 66226 | Slime:6  | Got a slimy rune of Zot
 66233 | Slime:6  | Got a crude glass ring
 66236 | Slime:6  | Identified the ring of the Songs {-Tele +Inv rElec rF+ MR+} (You found it on level 6 of the Pits of Slime)
 66311 | Slime:6  | Got a wavering pewter ring
 66314 | Slime:6  | Identified the ring "Iwaculia" {+Fly rF- rN+ Int+4} (You found it on level 6 of the Pits of Slime)
 66318 | Slime:6  | Received a gift from Trog
 66373 | Slime:6  | Got an ancient plate armour
 66376 | Slime:6  | Identified the +7 plate armour of Optimism {rC+ MR++ MP-9 Str+3} (You found it on level 6 of the Pits of Slime)
 67024 | D:14     | Found a shattered altar of Ashenzari.
 67237 | D:14     | Noticed Louise
 67251 | D:14     | Killed Louise
 67311 | D:15     | Entered Level 15 of the Dungeon
 67527 | D:15     | Found a shimmering altar of Xom.
 67815 | D:15     | Noticed Agnes
 67830 | D:15     | Killed Agnes
 67844 | D:15     | Noticed Sonja
 67851 | D:15     | Found a staircase to the Depths.
 67865 | D:15     | Killed Sonja
 67885 | D:15     | Found Ocliazxa's Antique Weapon Shop.
 68167 | Depths:1 | Entered Level 1 of the Depths
 68170 | Depths:1 | Found Daohales's Off-Brand Ammunition.
 68395 | Depths:1 | Found a gateway to Hell.
 68551 | Depths:1 | Received a gift from Trog
 68600 | Depths:1 | Found a gateway to a ziggurat.
 69214 | Depths:2 | Found Berchidof's Assorted Antiques.
 69258 | Depths:2 | Bought a glowing helmet for 121 gold pieces
 69583 | Depths:2 | Noticed the Enchantress
 69601 | Depths:2 | Received a gift from Trog
 69613 | Depths:2 | Killed the Enchantress
 69660 | Depths:2 | Got a faerie dragon armour
 69673 | Depths:2 | Identified the +7 faerie dragon armour {-Tele rElec rN+ Slay+2} (You took it off the Enchantress on level 2 of the Depths)
 69724 | Depths:2 | Got a sparkling marble ring
 69727 | Depths:2 | Identified the ring of Ascent {+Blink +Inv rN+} (You found it on level 2 of the Depths)
 69843 | Depths:2 | Identified a +1 pair of boots of running (You found it on level 2 of the Depths)
 70230 | Depths:2 | Got a pair of translucent gloves
 70241 | Depths:2 | Identified the +2 pair of gloves "Domiaq" {rElec Stlth+} (You acquired it on level 2 of the Depths)
 70708 | Depths:3 | Received a gift from Trog
 71027 | Depths:3 | Noticed an ancient lich
 71050 | Depths:3 | Killed an ancient lich
 71143 | Depths:3 | Found a one-way gate to the infinite horrors of the Abyss.
 71144 | Depths:3 | Noticed Maud
 71161 | Depths:3 | Killed Maud
 71647 | Depths:3 | Found a one-way gate leading to the halls of Pandemonium.
 71704 | Depths:3 | Voluntarily entered the Abyss.
 72081 | Abyss:5  | Entered Level 5 of the Abyss
 72081 | Abyss:5  | Found a corrupted altar of Lugonu.
 72083 | Abyss:5  | Got an abyssal rune of Zot
 72269 | Depths:3 | Escaped the Abyss
 72310 | Pan      | Entered Pandemonium
 72352 | Pan      | Noticed Qablad the pandemonium lord
 72385 | Pan      | Killed Qablad the pandemonium lord
 72667 | Pan      | Received a gift from Trog
 73097 | Pan      | Found an exit through the horrors of the Abyss.
 73757 | Pan      | Received a gift from Trog
 73766 | Pan      | Noticed Ifoam the pandemonium lord
 73771 | Pan      | Killed Ifoam the pandemonium lord
 73869 | Depths:3 | Escaped Pandemonium
 74525 | Temple   | Entered the Ecumenical Temple
 74622 | Temple   | Fell from the grace of Trog
 74622 | Temple   | Became a worshipper of the Shining One
 75208 | Pan      | Entered Pandemonium
 75239 | Pan      | Acquired the Shining One's first power
 75323 | Pan      | Acquired the Shining One's second power
 75647 | Pan      | Found an exit through the horrors of the Abyss.
 75683 | Pan      | Noticed Zoequu the pandemonium lord
 75699 | Pan      | Mangled by Zoequu the pandemonium lord

Vault maps used:
D:1:      sevenhm_arrival_forest_fort_large_4
D:2:      fedhas_altar_2
D:3:      uniq_sigmund
D:4:      temple_green, uniq_edmund
D:5:      first_bread, basic_altar
D:6:      lemuel_crystal_altar, serial_shops, shop, lightli_church_of_beogh
D:7:      serial_shops, nicolae_shop_crystal
D:8:      uniq_joseph, uniq_maurice, uniq_pikel, uniq_erolcha
D:9:      uniq_grum
D:10:     basic_altar, special_room
D:11:     grunt_lair_entry_elf_guard_hut, hangedman_pestilent_swarm, trog_wizard
D:12:     minmay_opposing_rooms, david_orc_4, portal_ice_cave_entry_ice_beasts
D:13:     grunt_vaults_entry_tiered, serial_shops, bzr_entry_water,
          guppyfry_shop_blood
D:14:     small_statue_alley_a, evilmike_ruin_ashenzari, uniq_snorg, uniq_louise
D:15:     hangedman_depths_entry_civil_slaughter, minmay_strange_pillars,
          serial_shops, shop_statue, tgw_xom, uniq_agnes, uniq_sonja
Temple:   kilobyte_greek_temple_18
Lair:1:   enter_volcano_4
Lair:2:   serial_bayou_pond_d, infiniplex_staircase_pool_2
Lair:3:   spider_nest_entry_rubble
Lair:4:   infiniplex_staircase_pool
Lair:5:   beast_lair_carwin_7, uniq_kirke, uniq_rupert
Lair:6:   nicolae_swamp_entry_splash_gauntlet, nicolae_slime_entry_slimehenge
Lair:7:   pond_and_an_island_with_a_cottage, serial_bayou_ford_a,
          lemuel_fruit_fields
Lair:8:   due_jungle_book, lemuel_fruit_fields
Swamp:1:  hangedman_swamp_ruin_wall, st_swamp_ruins_3
Swamp:2:  nicolae_swamp_triple_paths, uniq_jorgrun
Swamp:3:  evilmike_swamp_ruin_wall
Swamp:4:  swamp_old_school
Spider:1: guppyfry_wasp_nest
Spider:2: uniq_wiglaf
Spider:4: spider_rune_water, nicolae_spider_webbed_stairs, uniq_arachne,
          uniq_asterion
Orc:2:    basic_altar, serial_shops, nicolae_shop_waterfront
Orc:3:    nicolae_orc_pool_cavern
Orc:4:    st_orc_rangers, uniq_azrael
Elf:1:    eino_elf_arrival_shootout, basic_altar, serial_co_window_serial,
          co_window_paths_a, co_window_corner_a, co_window_of_opportunity_a,
          co_window_paths_a, co_window_paths_b, co_window_2corner,
          co_window_2corner, co_window_broadway_c, co_window_paths_e,
          co_window_paths_d, glass_columns_a, glass_columns_c, glass_columns_b,
          minmay_elf_necromancy
Elf:2:    serial_shops, shop, minivault_27, evilmike_ambush
Elf:3:    minmay_elf_hall, serial_co_window_serial, co_window_corner_a,
          co_window_of_opportunity_a, co_window_paths_a, co_window_paths_a,
          co_window_paths_a, co_window_2corner, co_window_broadway_b,
          co_window_2corner, co_window_of_opportunity_b, co_window_4corner_b,
          co_window_4corner_a, glass_columns_b, glass_columns_a,
          glass_columns_a, nicolae_for_you_no_charge, uniq_saint_roka
Vaults:1: grunt_vaults_hallway_short, v_rooms_3, vaults_mumra_minichess,
          serial_ice_g, v_misc_23, vaults_dpeg_spiral, metal_show,
          vaults_mumra_hex, basic_altar, serial_shops, shop
Vaults:2: v_pattern_1, nicolae_vaults_know_your_exits,
          minmay_crypt_entry_simple_corners, hangedman_vaults_locks, v_misc_13,
          v_misc_11, vaults_room_large_hall, grunt_vaults_hallway_long,
          hangedman_vaults_unwind, vaults_room_boxed,
          nicolae_vaults_border_crossing, serial_shops, shop, shop_coins, shop,
          shop, shop, uniq_aizul
Vaults:3: hangedman_vaults_hat, v_misc_2, nicolae_vaults_little_squares_4,
          vaults_room_fancy_cross, nicolae_vaults_mini_display_case,
          v_pattern_3, nicolae_vaults_little_squares_1, vaults_dpeg_doors,
          vaults_mumra_hexcomb, nicolae_vaults_little_squares_5,
          hangedman_vaults_slither
Vaults:4: ontoclasm_vaults_ligature, nicolae_vaults_rhombus_6,
          hangedman_vaults_stagger, vaults_dpeg_cross, v_pattern_4,
          ontoclasm_vaults_eye, v_misc_27, nicolae_vaults_shelves_hall,
          vaults_dpeg_encased_lava, ontoclasm_vaults_ring_square,
          ontoclasm_vaults_spin, serial_shops, shop_statue, mu_enter_wizlab_2,
          uniq_donald
Vaults:5: serial_shops, uniq_sojobo
Crypt:1:  roderic_lattice_octagonal_star
Crypt:2:  minmay_misc_feat_rows, minmay_misc_feat_alley, st_stairs_11,
          grunt_megastairs_2
Crypt:3:  church_of_pain_bobbens
Depths:1: enter_ziggurat_f, minmay_misc_feat_x, serial_curves, eino_curves_02,
          eino_curves_02, eino_curves_03, eino_curves_02, special_room,
          hangedman_geh_valley, spider_trap, nicolae_offbrand_ammo
Depths:2: gammafunk_depths_water_palace, serial_shops, shop,
          hangedman_abyss_or_decor_stabs, hell_entry, serial_bayou_shore_b,
          basic_stair_grate_trap
Depths:3: lemuel_river_lethe, hell_entry, abyss_entry, pan_entry
Abyss:3:  evilmike_abyss_exit_16
Abyss:4:  hangedman_elemental_corridor, abyss_rune_water_cross, minivault_13
Abyss:5:  hangedman_elemental_corridor, evilmike_abyss_rune_shrine,
          lemuel_flamethrower_3
Pan:      nicolae_pan_diamonds, grunt_pan_pentagram, evilmike_mini_pan_pillars_b
Bazaar:   bazaar_short_row
IceCv:    ice_cave_small_demon
Volcano:  volcano_grotto
WizLab:   wizlab_iskenderun

Action                   |  1- 3 |  4- 6 |  7- 9 | 10-12 | 13-15 | 16-18 | 19-21 | 22-24 | 25-27 || total
-------------------------+-------+-------+-------+-------+-------+-------+-------+-------+-------++-------
Melee: Hand axe          |   186 |   102 |       |   152 |   703 |       |       |       |       ||  1143
       War axe           |       |    57 |   457 |   861 |       |       |       |       |       ||  1375
       Executioner's axe |       |       |       |       |   954 |  1024 |  1627 |  1539 |  3373 ||  8517
       Battleaxe         |       |       |       |       |     9 |       |       |       |       ||     9
 Fire: Arbalest          |       |       |       |       |       |     2 |       |       |     3 ||     5
Invok: Berserk           |       |     1 |     5 |    16 |    11 |     5 |       |       |       ||    38
       Trog's Hand       |       |       |     4 |     5 |     5 |     7 |     9 |       |     1 ||    31
       Brothers in Arms  |       |       |     1 |     7 |     3 |     4 |       |       |     1 ||    16
       Burn Spellbooks   |       |       |       |     2 |       |       |       |       |       ||     2
 Abil: Fly               |       |       |       |       |     3 |     1 |       |       |       ||     4
Evoke: Fan of gales      |       |       |       |     1 |       |       |       |       |       ||     1
       Rod               |       |       |       |       |     2 |       |       |       |       ||     2
       Wand              |       |       |       |       |       |     5 |    13 |     1 |     5 ||    24
       Deck              |       |       |       |       |       |     2 |     1 |       |       ||     3
  Use: Scroll            |     1 |     7 |     8 |     4 |    15 |    20 |    18 |     6 |    19 ||    98
       Potion            |       |       |       |     4 |     1 |     2 |     4 |       |     2 ||    13
 Stab: Distracted        |       |       |     1 |     1 |     1 |     1 |       |       |     1 ||     5
       Sleeping          |       |       |       |     1 |       |       |       |       |       ||     1
       Paralysed         |       |       |       |       |       |     1 |       |       |     1 ||     2
       Petrifying        |       |       |       |       |       |       |       |       |     2 ||     2
       Petrified         |       |       |       |       |       |       |       |       |     2 ||     2
  Eat: Chunk             |     2 |     4 |    15 |    45 |    50 |    27 |    33 |    17 |    25 ||   218
       Beef jerky        |       |     1 |       |     2 |       |     3 |       |       |     1 ||     7
       Fruit             |       |       |     1 |       |       |     2 |     1 |       |       ||     4
       Pizza             |       |       |     1 |     1 |       |     5 |       |       |       ||     7
       Royal jelly       |       |       |       |       |       |     1 |     4 |       |       ||     5
       Meat ration       |       |       |       |       |       |       |       |     3 |    11 ||    14
